 Dungeon Crawl Stone Soup version 0.25-a0-869-g05d4e06a41 (webtiles) character file.

Game seed: 13099079069548414320, levelgen mode: deterministic

890 Maedhros the Martial Artist (level 8, -3/48 HPs)
             Began as an Octopode Artificer on May 1, 2020.
             Was a Plaything of Xom.
             Slain by a warg (17 damage)
             ... on level 10 of the Dungeon.
             The game lasted 00:05:42 (2714 turns).

Maedhros the Martial Artist (Octopode Artificer)    Turns: 2714, Time: 00:05:43

Health: -3/48      AC:  1    Str: 11    XL:     8   Next: 6%
Magic:  10/10      EV: 13    Int: 14    God:    Xom [..*...]
Gold:   112        SH:  0    Dex: 14    Spells: 7/7 levels left

rFire    . . .     SeeInvis .     - Unarmed
rCold    . . .     Gourm    .   (no shield)
rNeg     . . .     Faith    .   (helmet restricted)
rPois    .         Spirit   .   k - amulet of the acrobat
rElec    .         Reflect  .   (no ring)
rCorr    .         Harm     .   (no ring)
MR       .....                  (no ring)
Stlth    ++++......             (no ring)
HPRegen  0.16/turn              (no ring)
MPRegen  0.12/turn              (no ring)
                                (no ring)
                                (no ring)

@: no status effects
A: almost no armour, stealthy swim, amphibious, 8 rings, constrict 8, camouflage
1, gelatinous body 1
a: Renounce Religion


You were on level 10 of the Dungeon.
You worshipped Xom.
You were a toy of Xom.
You were not hungry.

You visited 1 branch of the dungeon, and saw 8 of its levels.

You collected 112 gold pieces.

Inventory:

Jewellery
 k - an amulet of the acrobat (around mantle)
Wands
 b - a wand of flame (12)
 c - a wand of enslavement (2)
 d - a wand of random effects (1)
 r - a wand of paralysis (13)
Scrolls
 e - 5 scrolls of identify {unknown}
 g - a scroll of random uselessness {unknown}
 h - a scroll of enchant armour {unknown}
 i - a scroll of immolation {unknown}
 j - a scroll of remove curse {unknown}
 l - a scroll of fear {unknown}
 o - 2 scrolls of teleportation {unknown}
Potions
 a - a potion of degeneration {unknown}
 m - a potion of magic {unknown}
 n - a potion of curing
 p - a potion of cancellation {unknown}
 q - a potion of brilliance {unknown}
 s - a potion of might {unknown}
Comestibles
 f - 9 rations


   Skills:
 - Level 1.0 Fighting
   Level 1.0 Short Blades
 - Level 2.0 Dodging
 - Level 4.0 Stealth
 + Level 8.4 Unarmed Combat
 - Level 3.2 Evocations


You had 7 spell levels left.
You didn't know any spells.
Your spell library was empty.

Dungeon Overview and Level Annotations

Branches:
Dungeon (7/15)
 Temple: D:4-7

Altars:
Ashenzari
Elyvilon
Uskayaw
Xom

Shops:
D:7 }

Annotations:
D:3 Natasha
D:5 Pikel


Innate Abilities, Weirdness & Mutations

You cannot wear most types of armour.
You are very stealthy in the water. (Stealth+)
You are amphibious.
You can wear up to eight rings at the same time.
You can use your tentacles to constrict eight enemies at once.
Your skin changes colour to match your surroundings (Stealth+).
Your rubbery body absorbs attacks. (AC +1, EV +1)


Message History

The warg is severely wounded.
The warg misses you.
You barely miss the warg.
The warg is severely wounded.
The warg misses you.
You bludgeon the warg!
The warg is almost dead.
The warg completely misses you.
You closely miss the warg.
The warg is almost dead.
The warg closely misses you.
You closely miss the warg. Your squeeze misses the warg.
The warg is almost dead.
The warg bites you! The yak barely misses your butterfly. The warg bites you!
* * * LOW HITPOINT WARNING * * *
You closely miss the warg.
The warg is almost dead.
The warg bites you!
You die...
Xom thinks this is hilarious!

##### #...# #...#
#...# #...# #...#
#'### ###
#@h.####### #..
#.........# #..
#..b......# #..
#...bb....# #..
#..b......# #..
#...##Y..#######..
#...##...##.##.##'
#...#.....†h......
#..:#..........r..


You could see a yak and a warg.

Vanquished Creatures
  A centaur (D:5)
  Blork the orc (D:5)
  2 crimson imps (D:5)
  2 hounds
  An orc priest (D:10)
  Jessica (D:2)
  An orc wizard (D:5)
  A worker ant (D:5)
  7 adders
  2 worms (D:2)
  3 dart slugs
  2 leopard geckos
  7 orcs
  4 bats
  A giant cockroach (D:2)
  7 hobgoblins
  4 jackals (D:5)
  A quokka (D:5)
  4 frilled lizards
  5 kobolds
  A leopard gecko zombie (D:5)
  2 rats
60 creatures vanquished.

Vanquished Creatures (collateral kills)
  3 yaks (D:10)
  A slave (D:6)
  An orc priest (D:10)
  An orc wizard (D:10)
  A quokka (D:10)
  An orc (D:5)
  A hobgoblin (D:3)
  A kobold (D:3)
10 creatures vanquished.

Vanquished Creatures (others)
  A hippogriff (D:10)
  A yak (D:10)
  An orc priest (D:10)
3 creatures vanquished.

Grand Total: 73 creatures vanquished

Notes
Turn   | Place    | Note
-------+----------+-------------------------------------------
     0 | D:1      | Maedhros the Octopode Artificer began the quest for the
                  | Orb.
     0 | D:1      | Reached XP level 1. HP: 13/13 MP: 3/3
    57 | D:1      | Reached XP level 2. HP: 14/18 MP: 4/4
   193 | D:2      | Noticed Jessica
   201 | D:2      | Killed Jessica
   201 | D:2      | Reached skill level 1 in Unarmed Combat
   201 | D:2      | Reached XP level 3. HP: 20/23 MP: 5/5
   400 | D:2      | Reached skill level 2 in Unarmed Combat
   431 | D:2      | Reached XP level 4. HP: 7/28 MP: 6/6
   627 | D:3      | Reached skill level 3 in Unarmed Combat
   686 | D:3      | Noticed Natasha
   734 | D:4      | Reached XP level 5. HP: 22/33 MP: 7/7
  1008 | D:4      | Reached skill level 4 in Unarmed Combat
  1022 | D:4      | Found a white marble altar of Elyvilon.
  1142 | D:5      | Entered Level 5 of the Dungeon
  1147 | D:5      | Noticed Blork the orc
  1156 | D:5      | Killed Blork the orc
  1223 | D:5      | Reached skill level 5 in Unarmed Combat
  1223 | D:5      | Reached XP level 6. HP: 27/38 MP: 8/8
  1516 | D:5      | Noticed a slave
  1517 | D:5      | Noticed Pikel
  1738 | D:5      | Noticed a +0 dagger
  1741 | D:5      | Noticed a +0 dagger
  1744 | D:5      | Found a hide-covered altar of Uskayaw.
  1783 | D:5      | Noticed a slave
  1784 | D:5      | Noticed a slave
  1787 | D:5      | Noticed a slave
  1816 | D:5      | Reached skill level 6 in Unarmed Combat
  1844 | D:5      | Reached XP level 7. HP: 4/43 MP: 9/9
  2223 | D:7      | Found Niequpte's Gadget Boutique.
  2367 | D:7      | Found a shimmering altar of Xom.
  2367 | D:7      | Found a shattered altar of Ashenzari.
  2373 | D:7      | Became a worshipper of Xom of Unknown Intention
  2401 | D:7      | You fall into a shaft and drop 3 floors!
  2401 | D:10     | Entered Level 10 of the Dungeon
  2415 | D:10     | Noticed a hippogriff
  2417 | D:10     | XOM: potion effect (heal wounds)
  2428 | D:10     | Noticed a yak
  2431 | D:10     | Noticed a yak
  2433 | D:10     | Killed a yak
  2433 | D:10     | Reached skill level 7 in Unarmed Combat
  2438 | D:10     | Noticed a yak
  2445 | D:10     | Noticed a yak
  2447 | D:10     | Noticed a yak
  2448 | D:10     | Noticed a warg
  2465 | D:10     | Killed a yak
  2472 | D:10     | Killed a yak
  2472 | D:10     | Reached skill level 8 in Unarmed Combat
  2472 | D:10     | Reached XP level 8. HP: 12/48 MP: 10/10
  2707 | D:10     | XOM: butterfly on damage
  2714 | D:10     | Slain by a warg

Levels and vault maps discovered:
D:1:      dpeg_arrival_fog, layout_basic, st_stairs_7
D:2:      layout_basic, chequers_serial_rivers_small_b, uniq_crazy_yiuf_cottage,
          uniq_jessica
D:3:      layout_basic, old_standard_altar, first_ration, uniq_grinder,
          uniq_natasha
D:4:      layout_loops_corners, lemuel_doored_altar
D:5:      layout_loops_ring, dancing_weapons_uskayaw, minmay_misc_feat_encased,
          uniq_blork_the_orc, uniq_pikel
D:6:      layout_gridville, amethyst_overflow_temple_binary
D:7:      minmay_cornered_nines, layout_cave_pools,
          gammafunk_temple_overflow_wave, minmay_temple_entry_statues_pillars,
          serial_shops, nicolae_shop_crystal
D:10:     layout_gridville, erik_orc_4, basic_altar

Skill      XL: |  1  2  3  4  5  6  7 |
---------------+----------------------+-----
Stealth        | 2 4 |  4.0
Unarmed Combat | 1 2 3 5 6 8 |  8.4
Fighting       | |  1.0
Short Blades   | |  1.0
Dodging        | |  2.0
Evocations     | |  3.2

Action                   |  1- 3 |  4- 6 |  7- 9 || total
-------------------------+-------+-------+-------++-------
Melee: Short sword       |    49 |    79 |       ||   128
       Constrict         |    12 |    21 |    11 ||    44
       Tentacles         |    12 |    20 |     6 ||    38
       Punch             |       |     4 |     2 ||     6
       Unarmed           |       |     2 |    39 ||    41
Evoke: Wand              |       |    12 |    18 ||    30
  Use: Potion            |       |     3 |       ||     3
 Stab: Sleeping          |     7 |     6 |       ||    13
       Paralysed         |       |     2 |       ||     2
  Eat: Chunk             |       |     2 |       ||     2
       Ration            |       |       |     1 ||     1
Armor: Skin              |     2 |     2 |     1 ||     5
Dodge: Dodged            |    33 |    76 |    39 ||   148

Table legend:
 A = Non-vault XP
 B = Vault XP
 C = Vault XP percentage of total XP
 D = Non-vault monster count
 E = Vault monster count
 F = Vault count percentage of total count
                 A         B        C        D         E       F
            +---------+---------+-------+---------+---------+-------
      Total |    1056 |     216 |  17.0 |      60 |      10 |  14.3
            +---------+---------+-------+---------+---------+-------
        D:1 |      18 |       1 |   5.3 |      11 |       1 |   8.3
        D:2 |      52 |      37 |  41.6 |      12 |       1 |   7.7
        D:3 |      32 |       0 |   0.0 |       9 |       0 |   0.0
        D:4 |      89 |       0 |   0.0 |       7 |       0 |   0.0
        D:5 |     311 |      85 |  21.5 |      15 |       1 |   6.2
        D:6 |      43 |       0 |   0.0 |       1 |       0 |   0.0
       D:10 |     511 |      93 |  15.4 |       5 |       7 |  58.3
            +---------+---------+-------+---------+---------+-------
